 Dungeon Crawl Stone Soup version 0.26.1-11-gd32895ea62 (webtiles) character file.

Game seed: 11764892271451781214

3405 H0rd4k the Martial Artist (level 10, -3/63 HPs)
             Began as an Octopode Transmuter on May 5, 2021.
             Was an Initiate of Gozag.
             Slain by a yak (17 damage)
             ... on level 10 of the Dungeon.
             The game lasted 00:13:45 (12199 turns).

H0rd4k the Martial Artist (Octopode Transmuter)    Turns: 12199, Time: 00:13:46

Health: -3/63      AC:  1    Str: 11    XL:     10   Next: 4%
Magic:  9/18       EV: 15    Int: 23    God:    Gozag
Gold:   1333       SH:  0    Dex: 13    Spells: 4/20 levels left

rFire    . . .     SeeInvis .     - Unarmed
rCold    . . .     Faith    .   (shield currently unavailable)
rNeg     . . .     Spirit   .   (helmet restricted)
rPois    .         Reflect  .   (no amulet)
rElec    .         Harm     .   j - +6 ring of intelligence
rCorr    .         Rampage  .   x - ring of willpower
Will     +....                  (no ring)
Stlth    ++++......             (no ring)
HPRegen  0.20/turn              (no ring)
MPRegen  0.16/turn              (no ring)
                                (no ring)
                                (no ring)

@: blade tentacles, gold aura
A: almost no armour, stealthy swim, amphibious, 8 rings, constrict 8, camouflage
1, gelatinous body 1
a: End Transformation, Renounce Religion, Potion Petition, Call Merchant, Bribe
Branch


You were on level 10 of the Dungeon.
You worshipped Gozag.
Gozag was most pleased with you.
You had blades for tentacles.
You visited 2 branches of the dungeon, and saw 11 of its levels.
You also visited: Ossuary.

You collected 1444 gold pieces.
You spent 30 gold pieces at shops.
You paid 81 gold pieces to Gozag.

Inventory:

Jewellery
 j - a +6 ring of intelligence (left scythe-like blade)
 x - a ring of willpower (right scythe-like blade)
Wands
 g - a wand of flame (19)
 w - a wand of acid (10)
 C - a wand of digging (4)
Scrolls
 a - a scroll of enchant weapon {unknown}
 c - 4 scrolls of noise {unknown}
 d - 6 scrolls of magic mapping {unknown}
 e - 9 scrolls of teleportation
 f - a scroll of blinking {unknown}
 k - a scroll of immolation {unknown}
 m - 9 scrolls of remove curse {unknown}
 n - 5 scrolls of amnesia {unknown}
 p - a scroll of enchant armour {unknown}
 q - 2 scrolls of fog {unknown}
 u - a scroll of fear {unknown}
 v - 2 scrolls of random uselessness {unknown}
 D - a scroll of brand weapon {unknown}
Potions
 b - 2 potions of attraction
 h - 3 potions of lignification
 i - 4 potions of curing
 l - a potion of mutation
 o - 3 potions of heal wounds
 r - 3 potions of brilliance
 s - 2 potions of degeneration
 t - a potion of invisibility
 z - a potion of flight
 A - a potion of magic {unknown}
 B - a potion of ambrosia {unknown}


   Skills:
 + Level 3.7 Fighting
 + Level 5.1 Dodging
 - Level 4.1 Stealth
 + Level 9.4 Unarmed Combat
 * Level 5.5 Spellcasting
 * Level 5.7 Transmutations
 - Level 1.7 Poison Magic
 + Level 1.1 Evocations


You had 4 spell levels left.
You knew the following spells:

 Your Spells              Type           Power        Failure   Level
a - Beastly Appendage     Tmut           64%          14%         1
b - Spider Form           Tmut/Pois      11%          36%         3
c - Confusing Touch       Hex            6%           69%         3
d - Blade Hands           Tmut           16%          67%         5
e - Ice Form              Ice/Tmut       19%          69%         4

Your spell library contained the following spells:

 Spells                   Type           Power        Failure   Level
 Wereblood                Tmut           32%          17%         2
 Animate Skeleton         Necr           12%          43%         1
 Pain                     Necr           24%          43%         1
 Gell's Gravitas          Tloc           3%           69%         3
 Vampiric Draining        Necr           3%           69%         3
 Petrify                  Tmut/Erth      19%          69%         4
 Animate Dead             Necr           3%           94%         4
 Yara's Violent Unravell  Hex/Tmut       9%           91%         5
 Agony                    Necr           6%           99%         5
 Metabolic Englaciation   Hex/Ice        3%           99%         5


Dungeon Overview and Level Annotations

Branches:
Dungeon (10/15)            Temple (1/1) D:5            Lair (0/6) D:8
    Orc (0/2) D:9         Ossuary (visited)

Altars:
Dithmenos
Elyvilon
Fedhas
Gozag
Hepliaklqana
Kikubaaqudgha
Makhleb
Nemelex Xobeh
Okawaru
Ru
Sif Muna
Trog
Uskayaw
Vehumet
Wu Jian
Xom
Yredelemnul
Zin
The Shining One

Shops:
D:4 (   D:5 (   D:6 *   D:8 [

Annotations:
D:5 exclusion: centaur
D:6 exclusions: centaur and water moccasin
D:9 exclusion: hornet


Innate Abilities, Weirdness & Mutations

You cannot wear most types of armour.
You are very stealthy in the water. (Stealth+)
You are amphibious.
You can wear up to eight rings at the same time.
You can use your tentacles to constrict eight enemies at once.
Your skin changes colour to match your surroundings (Stealth+).
Your rubbery body absorbs attacks. (AC +1, EV +1)


Message History

You slash the yak!
The yak is no longer distracted by gold.
You slash the yak.
The yak is heavily wounded.
You slash the yak!
The yak is heavily wounded.
You hit the yak.
The yak is heavily wounded.
The yak closely misses you.
You slash the yak!
The yak is almost dead.
The yak gores you!
* * * LOW HITPOINT WARNING * * *
You slash the yak!
You kill the yak!
You hit the yak.
The yak is severely wounded.
The yak gores you!
You die...
Your body crumbles into a pile of gold.

###+# $
#.Y@#
####'####
#.......#
#.......#
#.......#
#.......#
#...$...+
#.......#
#.......#


You could see a yak.

Vanquished Creatures
  4 yaks (D:10)
  Menkaure (D:7)
  A water moccasin (D:7)
  An ice beast (D:8)
  A sky beast (D:7)
  3 ogres
  5 bullfrogs
  5 water moccasin zombies
  A scorpion (D:8)
  3 bullfrog zombies (D:5)
  2 centaur zombies (D:5)
  A quasit (D:6)
  5 hounds
  2 jellies
  Crazy Yiuf (D:3)
  A gnoll shaman (D:8)
  5 orc priests
  3 bullfrog skeletons
  Terence (D:3)
  4 orc wizards
  An iguana (D:9)
  6 worker ants
  A killer bee zombie (D:5)
  A big kobold zombie (Ossuary)
  A hound skeleton (D:5)
  2 mummies (Ossuary)
  2 howler monkey zombies
  3 worker ant zombies
  5 gnolls (D:8)
  10 adders
  A shadow imp (D:5)
  2 white imps
  2 oozes
  4 adder zombies
  3 worms
  3 dart slugs
  9 leopard geckos
  47 orcs
  A ball python (D:6)
  5 bats
  5 giant cockroaches
  2 gnoll zombies (Ossuary)
  5 goblins
  5 hobgoblins
  8 jackals
  6 kobolds
  2 quokkas
  5 frilled lizards
  A giant cockroach zombie (D:5)
  10 hobgoblin zombies (Ossuary)
  8 kobold zombies (Ossuary)
  2 leopard gecko skeletons
  A leopard gecko zombie (D:5)
  5 orc zombies (Ossuary)
  A quokka skeleton (D:5)
  2 quokka zombies (D:5)
  7 rats
  2 rat zombies (D:4)
236 creatures vanquished.

Notes
Turn   | Place    | Note
-------+----------+-------------------------------------------
     0 | D:1      | H0rd4k the Octopode Transmuter began the quest for the Orb.
     0 | D:1      | Reached XP level 1. HP: 13/13 MP: 3/3
   264 | D:1      | Reached XP level 2. HP: 10/18 MP: 5/5
  1025 | D:1      | Reached XP level 3. HP: 23/23 MP: 6/6
  1119 | D:2      | Learned a level 3 spell: Spider Form
  1580 | D:2      | Reached skill level 1 in Stealth
  1593 | D:2      | Reached XP level 4. HP: 11/28 MP: 7/7
  2001 | D:2      | Reached skill level 1 in Poison Magic
  3025 | D:3      | Reached XP level 5. HP: 21/33 MP: 8/8
  3275 | D:3      | Found a faded altar of an unknown god.
  3685 | D:3      | Reached skill level 4 in Unarmed Combat
  3969 | D:3      | Noticed Terence
  3976 | D:3      | Learned a level 3 spell: Confusing Touch
  3991 | D:3      | Killed Terence
  4064 | D:3      | Found a runed translucent door.
  4065 | D:3      | Noticed Crazy Yiuf
  4100 | D:3      | Reached XP level 6. HP: 28/38 MP: 7/10
  4458 | D:3      | Killed Crazy Yiuf
  4581 | D:4      | Found a sand-covered staircase.
  4603 | Ossuary  | Entered an ossuary
  4817 | Ossuary  | Reached XP level 7. HP: 15/43 MP: 11/11
  5145 | Ossuary  | Reached skill level 5 in Unarmed Combat
  5787 | D:4      | Found Vemp's Antique Weapon Emporium.
  6181 | D:5      | Entered Level 5 of the Dungeon
  6181 | D:5      | Found a staircase to the Ecumenical Temple.
  6189 | Temple   | Entered the Ecumenical Temple
  6256 | Temple   | Became a worshipper of Gozag Ym Sagoz the Greedy
  7087 | D:5      | Reached skill level 6 in Unarmed Combat
  7092 | D:5      | Reached XP level 8. HP: 45/50 MP: 13/13
  7134 | D:5      | Found Epref's Weapon Boutique.
  7945 | D:6      | Found a hazy altar of Hepliaklqana.
  8234 | D:6      | Reached skill level 7 in Unarmed Combat
  8307 | D:6      | Learned a level 5 spell: Blade Hands
  8404 | D:6      | Found Yttukhur's General Store.
  8427 | D:6      | Bought a scroll of identify for 30 gold pieces
  9359 | D:7      | Noticed Menkaure
  9364 | D:7      | Killed Menkaure
  9365 | D:7      | Reached XP level 9. HP: 30/55 MP: 15/15
  9947 | D:7      | Reached skill level 8 in Unarmed Combat
 10455 | D:8      | Found a staircase to the Lair.
 10592 | D:8      | Reached skill level 5 in Transmutations
 10946 | D:8      | Found Qukin's Armour Shoppe.
 11221 | D:8      | Learned a level 4 spell: Ice Form
 11629 | D:9      | Reached skill level 1 in Evocations
 11655 | D:9      | Reached skill level 5 in Spellcasting
 11681 | D:9      | Reached skill level 5 in Dodging
 11751 | D:9      | Found a staircase to the Orcish Mines.
 11868 | D:9      | Noticed a hornet
 11925 | D:10     | Entered Level 10 of the Dungeon
 12177 | D:10     | Reached skill level 9 in Unarmed Combat
 12186 | D:10     | Reached XP level 10. HP: 52/63 MP: 12/18
 12199 | D:10     | Slain by a yak

Illustrated notes

Levels and vault maps discovered:
D:1:      ebering_hopf_link, layout_basic, minmay_distorted
D:2:      layout_loops_corners
D:3:      layout_basic, chequers_ecumenical_altar_simple, uniq_terence,
          uniq_crazy_yiuf_cottage
D:4:      layout_basic, enter_ossuary_4, serial_shops, shop
D:5:      layout_cave_pools, minmay_temple_entry_tees, serial_undead,
          serial_undead_d, serial_undead_a, serial_undead_c, serial_undead_f,
          serial_undead_a, serial_undead_b, serial_undead_f, serial_shops,
          kennysheep_mini
D:6:      layout_loops_ring, basic_altar, serial_shops, shop_coins
D:7:      layout_loops_ring, serial_glass, glass_columns_a, glass_columns_a,
          uniq_menkaure
D:8:      layout_rooms, lair_entry_dummy, serial_shops, nicolae_shop_statue_plus
D:9:      layout_irregular_city, nicolae_qazlal_style_of_elements,
          hiddenorc2_lemuel, nicolae_gozag_cash_rules_everything_around_me
D:10:     layout_roguey
Temple:   dpeg_three_leaves_temple

Skill      XL: |  1  2  3  4  5  6  7  8  9 |
---------------+----------------------------+-----
Stealth        | 1 2 3 4 |  4.1
Poison Magic   | 1 |  1.7
Unarmed Combat | 4 6 7 9 |  9.4
Dodging        | 3 4 5 |  5.1
Spellcasting   | 3 4 5 |  5.5
Transmutations | 3 4 5 |  5.7
Fighting       | 2 3 |  3.7
Evocations     | 1 |  1.1

Action                   |  1- 3 |  4- 6 |  7- 9 | 10-12 || total
-------------------------+-------+-------+-------+-------++-------
Melee: Unarmed           |    75 |   167 |   460 |     9 ||   711
       Constrict         |    18 |    35 |    60 |       ||   113
       Tentacles         |    11 |    22 |    54 |     1 ||    88
       Punch             |     4 |     3 |    14 |     1 ||    22
 Cast: Spider Form       |       |     3 |    20 |       ||    23
       Blade Hands       |       |       |     1 |     1 ||     2
Evoke: Wand              |       |       |    13 |       ||    13
  Use: Potion            |       |     5 |     1 |       ||     6
       Scroll            |       |       |     7 |       ||     7
 Stab: Sleeping          |     5 |     8 |    14 |       ||    27
       Invisible         |       |     1 |       |       ||     1
       Distracted        |       |       |     1 |       ||     1
Armor: Skin              |     5 |     7 |    13 |       ||    25
Dodge: Dodged            |    51 |    87 |   269 |     2 ||   409
